 Dungeon Crawl Stone Soup version 0.22.1-2-g9c5b331383 (webtiles) character file.

449 Jerry the Slasher (level 7, -7/47 HPs)
             Began as a Halfling Fighter on Nov 29, 2018.
             Was an Initiate of Gozag.
             Mangled by Blork the orc
             ... wielding a +1 glaive of protection
              (10 damage)
             ... on level 4 of the Dungeon.
             The game lasted 00:05:53 (3192 turns).

Jerry the Slasher (Halfling Fighter)                Turns: 3192, Time: 00:05:53

Health: -7/47      AC:  9    Str: 19    XL:     7   Next: 25%
Magic:  7/7        EV: 19    Int:  6    God:    Gozag
Gold:   207        SH:  0    Dex: 19    Spells: 6/6 levels left

rFire    . . .     SeeInvis .   a - +0 long sword
rCold    . . .     Gourm    .   (shield restricted)
rNeg     . . .     Faith    .   b - +0 scale mail
rPois    .         Spirit   .   o - +0 helmet
rElec    .         Reflect  .   (no cloak)
rCorr    .         Harm     .   j - +0 pair of gloves
MR       .....                  (no boots)
Stlth    +.........             (no amulet)
HPRegen  0.15/turn              (no ring)
MPRegen  0.10/turn              (no ring)

@: agile, hasted, very quick
A: small, mutation resistance 1
a: Potion Petition, Call Merchant, Bribe Branch, Renounce Religion


You were on level 4 of the Dungeon.
You worshipped Gozag.
Gozag was aware of your devotion.
You were hungry.

You visited 2 branches of the dungeon, and saw 5 of its levels.

You collected 297 gold pieces.
You paid 90 gold pieces to Gozag.

Inventory:

Hand Weapons
 a - a +0 long sword (weapon)
Armour
 b - a +0 scale mail (worn)
 j - a +0 pair of gloves (worn)
 o - a +0 helmet (worn)
Jewellery
 k - an uncursed ring of flight {unknown}
Scrolls
 e - 3 scrolls of teleportation {unknown}
 g - 2 scrolls of amnesia {unknown}
 i - a scroll of enchant weapon {unknown}
 m - 3 scrolls of identify {unknown}
 p - a scroll of enchant armour {unknown}
 q - a scroll of fear {unknown}
 s - 4 scrolls of remove curse {unknown}
Potions
 h - a potion of cancellation {unknown}
 l - a potion of mutation {unknown}
 n - 2 potions of heal wounds {unknown}
 r - a potion of ambrosia {unknown}
Comestibles
 f - 11 rations


   Skills:
 + Level 3.9 Fighting
 * Level 4.8 Long Blades
 + Level 4.7 Armour
 + Level 3.2 Dodging
   Level 3.2 Shields


You had 6 spell levels left.
You didn't know any spells.
Your spell library was empty.

Dungeon Overview and Level Annotations

Branches:
Dungeon (4/15)             Temple (1/1) D:4

Altars:
Ashenzari
Cheibriados
Dithmenos
Elyvilon
Fedhas
Gozag
Hepliaklqana
Kikubaaqudgha
Makhleb
Nemelex Xobeh
Okawaru
Qazlal
Sif Muna
Trog
Uskayaw
Wu Jian
Xom
Yredelemnul
The Shining One

Annotations:
D:2 1 runed door
D:3 1 runed door, imphell's ghost, amateur TrMo
D:4 Blork the orc


Innate Abilities, Weirdness & Mutations

You are small and have problems with some larger weapons.
You are somewhat resistant to further mutation.


Message History

Blork the orc is heavily wounded.
Blork the orc hits you with a glaive of protection.
* * * LOW HITPOINT WARNING * * *
You hit Blork the orc but do no damage.
Blork the orc is heavily wounded.
Blork the orc hits you but does no damage.
You hit Blork the orc.
Blork the orc is heavily wounded.
Blork the orc screams, "I'll drink your blood!
Soon!"
Blork the orc points at you and mumbles some strange words.
The magic dart hits you!
* * * LOW HITPOINT WARNING * * *
You hit Blork the orc but do no damage.
Blork the orc is heavily wounded.
Blork the orc misses you.
You barely miss Blork the orc.
Blork the orc is heavily wounded.
Blork the orc hits you with a glaive of protection!
You die...
Your body crumbles into a pile of gold.

#.....# #.....##########......#
#..............#......#
###'#####.......#......#
........#.......#......#
........#.......#......#
........#########......#
....|...#.......#o.....#
........#.......@......########
........#.......#........>.....
........#########..............
......................)........
...............................
...............................
#+######.......................
#......#.......................
#......##########..............


You could see Blork the orc.

Vanquished Creatures
  Edmund (D:4)
  A scorpion (D:4)
  A crimson imp (D:3)
  A hound (D:4)
  An iguana (D:4)
  3 worker ants
  A hound skeleton (D:4)
  3 adders
  A shadow imp (D:4)
  An adder skeleton (D:4)
  2 dart slugs
  2 leopard geckos
  4 orcs (D:3)
  7 giant cockroaches
  10 goblins
  3 hobgoblins
  7 jackals
  2 ball pythons
  3 bats
  4 frilled lizards
  2 goblin zombies (D:2)
  8 kobolds
  5 rats
73 creatures vanquished.

Notes
Turn   | Place    | Note
-------+----------+-------------------------------------------
     0 | D:1      | Jerry the Halfling Fighter began the quest for the Orb.
     0 | D:1      | Reached XP level 1. HP: 15/15 MP: 1/1
    70 | D:1      | Found a shimmering altar of Xom.
   116 | D:1      | Reached XP level 2. HP: 20/20 MP: 2/2
   150 | D:1      | You fall through a shaft!
   246 | D:2      | Reached skill level 1 in Dodging
   246 | D:2      | Reached XP level 3. HP: 16/25 MP: 3/3
  1211 | D:2      | Reached XP level 4. HP: 26/31 MP: 4/4
  1362 | D:2      | Noticed a human
  1370 | D:2      | Found a runed door.
  1525 | D:2      | Found a basalt altar of Yredelemnul.
  1720 | D:3      | Reached XP level 5. HP: 36/36 MP: 5/5
  2087 | D:3      | Found a runed door.
  2094 | D:3      | Noticed imphell's ghost (amateur TrMo)
  2141 | D:3      | Found a blossoming altar of Fedhas.
  2504 | D:4      | Noticed Edmund
  2510 | D:4      | Killed Edmund
  2510 | D:4      | Reached XP level 6. HP: 42/42 MP: 6/6
  2557 | D:4      | Found a shattered altar of Ashenzari.
  2699 | D:4      | Found a staircase to the Ecumenical Temple.
  2762 | D:4      | Reached XP level 7. HP: 42/47 MP: 7/7
  2777 | Temple   | Entered the Ecumenical Temple
  2918 | Temple   | Became a worshipper of Gozag Ym Sagoz the Greedy
  3160 | D:4      | Noticed Blork the orc
  3192 | D:4      | Mangled by Blork the orc

Skill      XL: |  1  2  3  4  5  6 |
---------------+-------------------+-----
Dodging        | 1 2 3 |  3.2
Fighting       | 3 |  3.9
Long Blades    | 3 4 |  4.8
Armour         | 4 |  4.7
Shields        | |  3.2

Action                   |  1- 3 |  4- 6 |  7- 9 || total
-------------------------+-------+-------+-------++-------
Melee: Long sword        |    81 |   136 |    37 ||   254
Invok: Potion Petition   |       |       |     1 ||     1
  Use: Potion            |       |     1 |       ||     1
  Eat: Chunk             |     1 |     5 |     1 ||     7
Armor: Scale mail        |    34 |    63 |     5 ||   102
Dodge: Dodged            |    80 |   104 |    23 ||   207
       Rpst.: Long sword |    23 |    35 |     5 ||    63
